cohdb
Replays
Latest Replays
All Replays
Popular Replays
Top Player Replays
Match Explorer
How It Works
Community
CoH3 Stats
Reddit
Sign in to upload your games and track your stats! →
Sign in with Steam
Match 44532165
Unlisted
Match 44532165
Overview
Messages
Build Orders
End
Construct Barracks
Riflemen Squad
M1 Mortar Team
Construct Weapon Support Center
M1919 Machine Gun Team
Air Support Center
Riflemen Squad
M3 Armored Personnel Carrier
Grenade Package
Construct Motor Pool
M8 Greyhound Armored Car
Grasshopper Recon Run
Engineer Squad
P-47 Strafing Run
Engineer Squad
Grasshopper Recon Run
M1 Anti-tank Gun Team
Construct Tank Depot
P-47 Strafing Run
P-47 Dive Bomb
P-47 Strafing Run
AI Takeover
Arturokq
Sandal
Phai_Phai
Boo
Jew
Dévastro
Demion69
micpop3
0
0
Comments
sign in to comment!
No comments posted yet!